Map: Chain of Ascension

Players

LilArrin

  • Race: Terran Terran
  • Spawn Location: 11:00

LilArrin

  • Race: Protoss Protoss
  • Spawn Location: 11:00

VOD

Have the link to the VOD?

Description

Time

  • Played on: Aug. 27, 2017, 5 p.m.
  • Length: 17:44
Show
View Real Time Build Order
Export as new Build Order

LilArrin Terran 

Build Orders:  

Get SALT Encoding   

  12  0:03  SCV  
  3  0:20  SCV  
  14  0:32  Supply Depot  
  14  0:36  SCV  
  15  0:53  SCV  
  16  1:10  SCV  
  17  1:24  Command Center  
  17  1:27  SCV  
  18  1:44  SCV  
  18  1:47  Barracks  
  19  2:01  SCV  
  20  2:20  Orbital Command  
  20  2:45  Command Center  
  20  2:54  Bunker  
  20  3:07  Orbital Command, Marine  
  20  3:15  SCV  
  20  3:17  Marine  
  22  3:26  Refinery  
  22  3:27  Marine  
  23  3:32  SCV  
  23  3:38  Marine  
  25  3:41  Refinery  
  25  3:45  SCV  
  27  3:52  SCV  
  28  4:02  SCV  
  28  4:09  SCV  
  30  4:17  Combat Shields  
  30  4:24  Orbital Command  
  30  4:32  Command Center  
  30  4:34  Barracks Tech Lab  
  30  4:43  Orbital Command  
  30  4:51  Factory  
  30  5:01  SCV  
  30  5:02  SCV  
  32  5:12  Barracks  
  32  5:18  SCV  
  32  5:19  SCV  
  34  5:22  SCV  
  35  5:31  Barracks  
  35  5:43  Engineering Bay  
  35  5:45  SCV  
  35  5:46  Engineering Bay  
  36  5:53  Refinery  
  36  5:55  SCV  
  36  5:57  Refinery  
  37  6:00  Factory Tech Lab  
  37  6:02  Barracks Reactor  
  37  6:09  Barracks Reactor  
  37  6:24  Vulture  
  37  6:29  Replenishable Magazine  
  39  6:32  Orbital Command  
  39  6:33  SCV x2  
  39  6:34  Vulture  
  43  6:43  SCV  
  43  6:44  Supply Depot, Vulture  
  43  6:46  Supply Depot  
  46  6:54  Vulture  
  46  6:57  SCV x2  
  50  7:01  Terran Infantry Weapons Level 1, Terran Infantry Armor Level 1  
  50  7:03  Marine  
  50  7:04  Medic, Vulture  
  55  7:14  Vulture  
  57  7:29  Cerberus Mines  
  57  7:40  SCV  
  57  7:43  Marine x3  
  57  7:44  Medic, Marine  
  57  7:45  Vulture  
  66  7:54  Medic  
  66  7:55  Vulture  
  70  8:09  Medic, Marine x3  
  70  8:10  Marine  
  70  8:19  Marine x2  
  75  8:21  Vulture  
  75  8:25  SCV  
  75  8:26  SCV x3  
  83  8:39  Vulture, Supply Depot  
  83  8:47  Marine x2  
  85  8:54  SCV x2  
  89  9:02  Supply Depot  
  89  9:12  Marine  
  90  9:25  SCV x2  
  90  9:26  Marine x2  
  90  9:27  Marine  
  90  9:29  Stabilizer Medpacks  
  94  9:31  Armory  
  94  9:38  Barracks, Supply Depot, SCV x2  
  97  9:45  Factory Reactor  
  97  9:58  Marine  
  97  9:59  Marauder, Marine  
  97  10:02  Marine x2  
  103  10:13  Marine x2  
  103  10:14  Medic, Marine  
  108  10:22  Medic, Supply Depot  
  108  10:25  Supply Depot  
  110  10:31  Marine x2  
  111  10:50  Marine x2  
  111  10:51  Marine  
  114  11:10  Marine x2  
  114  11:17  Marine  
  116  11:20  Marine x2  
  119  11:46  Marine  
  119  11:48  Marine  
  119  11:56  Terran Infantry Weapons Level 2, Terran Infantry Armor Level 2  
  118  12:00  Marine x2  
  118  12:13  Marine  
  118  12:15  Marine x2  
  118  12:17  Marine x2  
  75  12:20  Marauder  
  123  12:33  Marine x3  
  123  12:34  Marauder  
  123  12:40  Marine  
  123  12:43  Concussive Shells  
  123  12:44  Marine x2, Marauder, Supply Depot  
  123  12:46  Supply Depot  
  123  12:48  Supply Depot  
  128  12:57  Marine  
  128  13:05  Marine  
  128  13:08  Marine  
  128  13:09  Marine  
  130  13:11  Marine x2  
  132  13:26  Marine  
  126  13:40  Marine x2  
  126  13:42  Marine x2  
  126  13:43  Medic  
  126  13:46  Marine  
  122  13:50  Marine  
  122  13:54  Marine x2  
  122  13:56  Marine x2  
  127  14:02  Marine x2  
  127  14:05  Marine x2  
  127  14:08  Marine x2  
  131  14:12  Marauder  
  131  14:19  Marauder  
  135  14:22  Marine x2  
  135  14:24  Marine  
  135  14:25  Marine  
  139  14:33  Marine  
  139  14:36  Marine  
  139  14:37  Marine x2  
  139  14:38  Marine  
  141  14:42  Marine  
  141  14:43  Marine  
  141  14:47  Marine x3  
  124  14:53  Marine  
  124  14:56  Supply Depot  
  120  15:03  Marine  
  120  15:06  Marine  
  116  15:19  Marine x2  
  116  15:21  Marauder  
  116  15:23  Marine  
  116  15:34  Marine x2  
  116  15:35  Marauder  
  117  15:40  Marine x2  
  117  15:43  Marine  
  117  15:44  Marine  
  117  15:45  Marine  
  117  15:47  Marine  
  117  15:50  Marine x2  
  117  15:53  Marine  
  117  15:54  Marine  
  120  16:11  Marine x2  
  120  16:12  Marine  
  120  16:15  Marine  
  120  16:16  Marine  
  125  16:23  Marine x2  
  125  16:25  Marine x2  
  125  16:26  Marine  
  125  16:27  Marauder  
  132  16:33  Marine x2  
  132  16:35  Marine  
  132  16:36  Marauder  
  137  16:40  Marine x2  
  137  16:43  Marine  
  137  16:46  Marine x2  
  142  16:50  Marine x2  
  142  16:54  Marine  
  142  16:55  Marine  
  144  17:01  Marauder  
  146  17:13  Marine x2  
  146  17:14  Marine x3  
  146  17:15  Marauder  
  151  17:23  Marine  
  151  17:24  Marine x3  
Show
View Real Time Build Order
Export as new Build Order

LilArrin Protoss 

Build Orders:  

Get SALT Encoding   

  12  0:07  Probe (Chrono Boost)  
Tags
 
Add a new tag
Caveats
  • Supply blocks, unpowered buildings, or Contaminate may cause inaccurate times.
  • Supply counts are checked every 10 seconds.